 Dungeon Crawl Stone Soup version 0.23.2 (webtiles) character file.

Game seed: 17001494246968304994

17287 Menchi the Fighter (level 12, -8/113 HPs)
             Began as a Ghoul Fighter on Apr 4, 2019.
             Was an Elder of Nemelex Xobeh.
             Hit by a large rock thrown by a stone giant (32 damage)
             ... on level 1 of the Orcish Mines.
             The game lasted 00:43:36 (11113 turns).

Menchi the Fighter (Ghoul Fighter)                 Turns: 11113, Time: 00:43:36

Health: -8/113     AC: 14    Str: 32    XL:     12   Next: 46%
Magic:  11/11      EV: 31    Int:  7    God:    Nemelex Xobeh [****..]
Gold:   608        SH:  0    Dex: 12    Spells: 11/11 levels left

rFire    + . .     SeeInvis .   a - +0 morningstar "Omeg" {freeze, Str+4 Dex+4}
rCold    + . .     Gourm    .   (no shield)
rNeg     + + +     Faith    .   o - +2 scale mail of the Guilds {+Blink rF+ Int+3}
rPois    ∞         Spirit   .   l - +1 helmet
rElec    .         Reflect  .   (no cloak)
rCorr    .         Harm     .   (no gloves)
MR       .....                  u - +0 pair of boots
Stlth    ..........             H - amulet of the acrobat
HPRegen  0.00/turn              t - +2 ring of evasion
MPRegen  0.12/turn              n - +4 ring of strength

@: acrobat, rotting
A: rotting body, claws 1, carnivore, cold resistance 1, negative energy
resistance 3, inhibited regeneration, torment resistance, unbreathing
a: Draw Escape, Draw Destruction, Draw Summoning, Triple Draw, Deal Four,
Renounce Religion, Evoke Blink


You were on level 1 of the Orcish Mines.
You worshipped Nemelex Xobeh.
Nemelex Xobeh was greatly pleased with you.
You were not hungry.

You visited 4 branches of the dungeon, and saw 14 of its levels.
You also visited: Ossuary.

You collected 608 gold pieces.

Inventory:

Hand Weapons
 a - the +0 morningstar "Omeg" (weapon) {freeze, Str+4 Dex+4}
   (You found it on level 6 of the Dungeon)

   It has been specially enchanted to freeze those struck by it, causing extra
   injury to most foes and up to half again as much damage against particularly
   susceptible opponents.
   It can also slow down cold-blooded creatures.
   It affects your strength (+4).
   It affects your dexterity (+4).
 b - a +4 halberd
 w - a +0 war axe
Armour
 l - a +1 helmet (worn)
 o - the +2 scale mail of the Guilds (worn) {+Blink rF+ Int+3}
   (You found it on level 7 of the Dungeon)

   It affects your intelligence (+3).
   It protects you from fire.
   It lets you blink.
 u - a +0 pair of boots (worn)
Jewellery
 d - an uncursed ring of protection from cold
 i - an uncursed ring of flight
 n - a +4 ring of strength (right claw)
 t - a +2 ring of evasion (left claw)
 G - an uncursed ring of ice
 H - an amulet of the acrobat (around neck)
Wands
 x - a wand of scattershot (12)
 y - a wand of random effects (17)
 C - a wand of iceblast (16)
 J - a wand of flame (11)
 L - a wand of disintegration (24)
Scrolls
 h - a scroll of teleportation
 j - 4 scrolls of enchant armour
 k - 8 scrolls of identify
 r - 5 scrolls of enchant weapon
 v - a scroll of vulnerability {unknown}
 z - 2 scrolls of remove curse
 D - a scroll of fear {unknown}
 E - a scroll of immolation {unknown}
 K - 3 scrolls of amnesia {unknown}
Potions
 c - a potion of might
 e - 2 potions of curing
 g - a potion of lignification
 m - 5 potions of brilliance
 p - a potion of mutation
 q - 2 potions of cancellation
 s - a potion of agility
 A - a potion of invisibility {unknown}
 B - a potion of berserk rage {unknown}
 F - 3 potions of ambrosia {unknown}
 I - a potion of degeneration {unknown}
Comestibles
 f - 27 rations
 M - 9 chunks of flesh


   Skills:
 * Level 12.7 Fighting
 * Level 7.4(8.1) Axes
 - Level 4.7(6.7) Maces & Flails
 * Level 10.7 Armour
 + Level 6.7 Dodging
   Level 2.6 Shields


You had 11 spell levels left.
You didn't know any spells.
Your spell library contained the following spells:

 Spells                   Type           Power        Failure   Level  Hunger
 Animate Skeleton         Necr           N/A          63%         1    ##.....
 Apportation              Tloc           #.....       63%         1    ##.....
 Confusing Touch          Hex            #.....       63%         1    ##.....
 Sandblast                Erth           #.....       63%         1    ##.....
 Summon Small Mammal      Summ           #...         63%         1    ##.....
 Passwall                 Tmut/Erth      #.......     77%         2    ###....
 Sticks to Snakes         Tmut           #.......     77%         2    ###....
 Stone Arrow              Conj/Erth      #.....       94%         3    ####...
 Petrify                  Tmut/Erth      #.......     100%        4    #####..
 Lee's Rapid Deconstruct  Erth           #.........   100%        5    ######.
 Beastly Appendage        Tmut           Unusable     N/A         1    N/A
 Spider Form              Tmut/Pois      Unusable     N/A         3    N/A
 Ice Form                 Ice/Tmut       Unusable     N/A         4    N/A
 Blade Hands              Tmut           Unusable     N/A         5    N/A

Dungeon Overview and Level Annotations

Branches:
Dungeon (11/15)            Temple (1/1) D:5            Lair (1/6) D:11
    Orc (1/2) D:11

Altars:
Elyvilon
Fedhas
Hepliaklqana
Makhleb
Nemelex Xobeh
Qazlal
Ru
Sif Muna
Trog
Uskayaw
Wu Jian
Zin

Shops:
D:9 *

Annotations:
D:4 2 runed translucent doors, Jabberih's ghost, amateur DrTm
D:7 2 transporters, PentaManta's ghost, novice KoHu


Innate Abilities, Weirdness & Mutations

Your body is rotting away.
You thrive on raw meat.
You are immune to poison.
You have sharp fingernails.
You are carnivorous and can eat meat at any time.
Your flesh is cold resistant. (rC+)
You are immune to negative energy. (rN+++)
You do not regenerate when monsters are visible.
You are immune to unholy pain and torment.
You can survive without breathing.


Message History

Menchi's illusion is struck by an arc of lightning!
The lightning grounds out.
You are struck by an arc of lightning.
* * * LOW HITPOINT WARNING * * *
Menchi's illusion is struck by an arc of lightning!
You are struck by an arc of lightning.
* * * LOW HITPOINT WARNING * * *
As you read the scroll of teleportation, it crumbles to dust.
You feel strangely unstable.
Your insubstantial wisp closely misses the insubstantial wisp.
Menchi's illusion closely misses the insubstantial wisp.
The insubstantial wisp blinks!
Your insubstantial wisp blinks!
You barely miss the insubstantial wisp.
The insubstantial wisp hits you but does no damage.
Your surroundings suddenly seem different.
A stone giant comes into view.
The stone giant shouts!
You hear a shout! x3
The stone giant throws a large rock.
The large rock hits you!!
You die...
Your body glows slightly and disappears.

#.....$...#
##..........
....C..#..
#.....#.# .
..........
#....#....
#.........
#@.......
##.......
#.###.. ##


You could see a stone giant.

Vanquished Creatures
  Fannar (Lair:1)
  2 hydras (Lair:1)
  A two-headed ogre (Orc:1)
  6 death yaks (D:11)
  Nergalle (D:10)
  Maurice (D:9)
  Joseph (Lair:1)
  A gargoyle (D:10)
  A spiny frog (Lair:1)
  3 hippogriffs
  A wraith (Ossuary)
  A basilisk (D:11)
  A wyvern (D:9)
  A hungry ghost (D:9)
  3 vampire mosquitoes (Lair:1)
  Menkaure (D:7)
  An insubstantial wisp (Lair:1)
  A soldier ant (D:11)
  A warg (Orc:1)
  3 water moccasins
  A porcupine (Lair:1)
  A sky beast (D:5)
  4 ice beasts
  2 black bears
  11 orc warriors
  2 eyes of draining
  A phantom (D:6)
  7 ogres
  4 centaurs
  A crocodile (D:10)
  A big kobold (D:8)
  2 elf zombies (D:4)
  A bullfrog (D:9)
  A wyvern zombie (D:7)
  3 scorpions
  10 killer bees
  4 wights (Ossuary)
  A howler monkey (D:9)
  4 electric eels (D:11)
  3 crimson imps
  A centaur zombie (D:7)
  A bullfrog zombie (D:7)
  4 jellies
  A human zombie (D:4)
  6 hounds
  11 orc wizards
  7 orc priests
  3 centaur skeletons
  3 iguanas
  2 bullfrog skeletons (D:10)
  2 human skeletons (D:4)
  Natasha (thrice) (D:3)
  11 worker ants
  A hound zombie (D:5)
  2 worker ant zombies
  9 gnolls (D:5)
  13 adders
  A river rat (D:10)
  A shadow imp (D:6)
  2 oozes
  2 adder zombies (Ossuary)
  2 worms
  An adder skeleton (D:7)
  A dart slug (D:1)
  5 leopard geckos
  38 orcs
  2 giant cockroaches
  11 hobgoblins
  5 jackals
  10 kobolds
  3 quokkas
  A ball python (D:1)
  A ball python skeleton (Ossuary)
  6 bats
  3 frilled lizards
  7 goblins
  2 hobgoblin skeletons (Ossuary)
  2 hobgoblin zombies (Ossuary)
  An orc zombie (D:4)
  9 rats
292 creatures vanquished.

Vanquished Creatures (collateral kills)
  A death yak (D:11)
  An orc knight (Orc:1)
  An orc warrior (Orc:1)
  A crimson imp (D:10)
  An orc (Orc:1)
5 creatures vanquished.

Vanquished Creatures (others)
  An orc wizard (Orc:1)
  2 ball lightnings (Orc:1)
  An orc (Orc:1)
  A fungus (Lair:1)
5 creatures vanquished.

Grand Total: 302 creatures vanquished

Notes
Turn   | Place    | Note
-------+----------+-------------------------------------------
     0 | D:1      | Menchi the Ghoul Fighter began the quest for the Orb.
     0 | D:1      | Reached XP level 1. HP: 19/19 MP: 0/0
    59 | D:1      | Reached XP level 2. HP: 25/27 MP: 1/1
   782 | D:2      | Reached XP level 3. HP: 33/33 MP: 2/2
  1308 | D:3      | Reached skill level 4 in Fighting
  1327 | D:3      | Reached XP level 4. HP: 37/40 MP: 3/3
  1496 | D:3      | Reached XP level 5. HP: 43/46 MP: 4/4
  1766 | D:3      | Noticed Natasha
  1774 | D:3      | Killed Natasha
  1774 | D:3      | Reached skill level 1 in Dodging
  1805 | D:3      | Noticed Natasha
  1811 | D:3      | Killed Natasha
  1983 | D:3      | Noticed Natasha
  1994 | D:3      | Killed Natasha
  2312 | D:4      | Reached XP level 6. HP: 40/53 MP: 5/5
  2451 | D:4      | Found a sand-covered staircase.
  2487 | Ossuary  | Entered an ossuary
  2604 | Ossuary  | Reached skill level 5 in Fighting
  2864 | Ossuary  | Noticed a flying skull
  2864 | Ossuary  | Noticed a wraith
  2883 | Ossuary  | Noticed a flying skull
  2949 | Ossuary  | Reached XP level 7. HP: 44/59 MP: 6/6
  3006 | Ossuary  | Noticed a flying skull
  3032 | Ossuary  | Noticed a wraith
  3049 | Ossuary  | Killed a wraith
  3565 | D:4      | Found a runed translucent door.
  3567 | D:4      | Noticed Jabberih's ghost (amateur DrTm)
  3672 | D:4      | Found a runed translucent door.
  3740 | D:4      | Reached skill level 5 in Armour
  3740 | D:4      | Reached XP level 8. HP: 70/70 MP: 7/7
  3913 | D:5      | Entered Level 5 of the Dungeon
  3968 | D:5      | Reached skill level 6 in Fighting
  4171 | D:5      | Reached skill level 5 in Axes
  4466 | D:5      | Found a staircase to the Ecumenical Temple.
  4480 | Temple   | Entered the Ecumenical Temple
  4598 | Temple   | Became a worshipper of Nemelex Xobeh the Trickster
  4656 | D:5      | Received a gift from Nemelex Xobeh
  4708 | D:5      | Reached skill level 7 in Fighting
  4933 | D:6      | Reached XP level 9. HP: 59/79 MP: 8/8
  5098 | D:6      | Got a crystal morningstar
  5099 | D:6      | Identified the cursed +0 morningstar "Omeg" {freeze, Str+4
                  | Dex+4} (You found it on level 6 of the Dungeon)
  5391 | D:6      | Reached skill level 8 in Fighting
  5797 | D:7      | Noticed PentaManta's ghost (novice KoHu)
  5801 | D:7      | Found a transporter.
  5803 | D:7      | Noticed a centaur warrior
  5818 | D:7      | Found a transporter.
  5871 | D:7      | Reached skill level 1 in Maces & Flails
  5958 | D:7      | Noticed Menkaure
  5964 | D:7      | Killed Menkaure
  5982 | D:7      | Found a stormy altar of Qazlal.
  6088 | D:7      | Reached * piety under Nemelex Xobeh
  6217 | D:7      | Got a warped scale mail
  6228 | D:7      | Identified the +2 scale mail of the Guilds {+Blink rF+
                  | Int+3} (You found it on level 7 of the Dungeon)
  6710 | D:8      | Received a gift from Nemelex Xobeh
  6959 | D:8      | Reached XP level 10. HP: 90/90 MP: 9/9
  6969 | D:8      | Reached ** piety under Nemelex Xobeh
  7139 | D:8      | Reached skill level 9 in Fighting
  7572 | D:9      | Found a sparkling altar of Nemelex Xobeh.
  7578 | D:9      | Received a gift from Nemelex Xobeh
  7612 | D:9      | Noticed Maurice
  7619 | D:9      | Killed Maurice
  7883 | D:9      | Found Eqiuci's Assorted Antiques.
  8049 | D:10     | Entered Level 10 of the Dungeon
  8148 | D:10     | Noticed a gargoyle
  8150 | D:10     | Reached *** piety under Nemelex Xobeh
  8155 | D:10     | Killed a gargoyle
  8190 | D:10     | Noticed Nergalle
  8192 | D:10     | Found a glowing silver altar of Zin.
  8210 | D:10     | Killed Nergalle
  8210 | D:10     | Reached skill level 5 in Dodging
  8320 | D:10     | Received a gift from Nemelex Xobeh
  8459 | D:10     | Reached skill level 10 in Fighting
  8799 | D:11     | Noticed a death yak
  8799 | D:11     | Noticed a death yak
  8804 | D:11     | Noticed a death yak
  8808 | D:11     | Noticed a death yak
  8817 | D:11     | Killed a death yak
  8817 | D:11     | Reached XP level 11. HP: 96/100 MP: 10/10
  8817 | D:11     | Killed a death yak
  8818 | D:11     | Noticed a death yak
  8818 | D:11     | Noticed a death yak
  8822 | D:11     | Noticed a death yak
  8841 | D:11     | Killed a death yak
  8845 | D:11     | Killed a death yak
  8852 | D:11     | Killed a death yak
  8857 | D:11     | Killed a death yak
  8863 | D:11     | Killed a death yak
  8863 | D:11     | Reached skill level 11 in Fighting
  8927 | D:11     | Found a staircase to the Lair.
  9304 | D:11     | Found a staircase to the Orcish Mines.
  9407 | D:11     | Reached skill level 10 in Armour
  9903 | D:11     | Received a gift from Nemelex Xobeh
 10076 | Lair:1   | Entered Level 1 of the Lair of Beasts
 10101 | Lair:1   | Noticed Fannar
 10142 | Lair:1   | Killed Fannar
 10142 | Lair:1   | Reached XP level 12. HP: 59/112 MP: 11/11
 10320 | Lair:1   | Noticed an eight-headed hydra
 10326 | Lair:1   | Killed an eight-headed hydra
 10326 | Lair:1   | Reached skill level 12 in Fighting
 10426 | Lair:1   | Noticed Joseph
 10438 | Lair:1   | Killed Joseph
 10450 | Lair:1   | Noticed a five-headed hydra
 10455 | Lair:1   | Killed a five-headed hydra
 10465 | Lair:1   | Received a gift from Nemelex Xobeh
 10635 | Lair:1   | Reached **** piety under Nemelex Xobeh
 11031 | Orc:1    | Entered Level 1 of the Orcish Mines
 11049 | Orc:1    | Noticed a two-headed ogre
 11057 | Orc:1    | Killed a two-headed ogre
 11113 | Orc:1    | Noticed a stone giant
 11113 | Orc:1    | Hit by a large rock thrown by a stone giant

Skill      XL: |  1  2  3  4  5  6  7  8  9 10 11 12 |
---------------+-------------------------------------+-----
Axes           | 2 3 4 5 6 7 |  7.4
Armour         | 3 4 5 6 7 9 10 | 10.7
Fighting       | 4 5 7 8 10 11 12 | 12.7
Dodging        | 1 2 3 4 5 6 |  6.7
Maces & Flails | 4 |  4.7
Shields        | |  2.6

Action                   |  1- 3 |  4- 6 |  7- 9 | 10-12 || total
-------------------------+-------+-------+-------+-------++-------
Melee: War axe           |    93 |       |       |       ||    93
       Dagger            |    14 |   254 |       |       ||   268
       Halberd           |       |    10 |   205 |       ||   215
       Morningstar       |       |       |   194 |   442 ||   636
 Abil: Evoke Flight      |     1 |       |       |       ||     1
       Draw Destruction  |       |       |     1 |    25 ||    26
       Draw Summoning    |       |       |       |     6 ||     6
       Draw Escape       |       |       |       |     2 ||     2
Evoke: Wand              |       |       |       |    26 ||    26
  Use: Scroll            |     1 |     4 |     7 |     8 ||    20
       Potion            |       |       |     3 |     8 ||    11
 Stab: Petrified         |       |       |       |     1 ||     1
  Eat: Chunk             |    17 |    15 |    40 |    72 ||   144
Armor: Scale mail        |    52 |    43 |    44 |   242 ||   381
       Ring mail         |       |    35 |   147 |       ||   182
Dodge: Dodged            |    76 |   115 |   405 |   442 ||  1038
